 Dungeon Crawl Stone Soup version 0.31.0-9-g3a7656b989 (webtiles) character file.

Game seed: 17144531560951731367

2699 MacCMillion the Gouger (level 9, -5/49 HPs)
             Began as a Felid Berserker on Jan 29, 2024.
             Was a Believer of Trog.
             Slain by Maurice
             ... wielding a +3 short sword of venom
              (10 damage)
             ... on level 7 of the Dungeon.
             The game lasted 00:27:31 (12155 turns).

MacCMillion the Gouger (Felid Berserker)           Turns: 12155, Time: 00:27:31

Health: -5/49      AC:  2    Str: 13    XL:     9   Next: 38%
Magic:  4/10       EV: 23    Int: 12    God:    Trog [**....]
Gold:   0          SH:  0    Dex: 19    Spells: 8/8 levels left
                                        Lives:  0   Deaths: 3

rFire   . .          .
                       - Unarmed
rCold   . . .        (shield unavailable)
rNeg    . . .        (body armour unavailable)
rPois   .            (helmet unavailable)
rElec   .            (cloak unavailable)
rCorr   .            (gloves unavailable)
SInv    +            (boots unavailable)
Will    +++..        l - amulet of the acrobat
Stlth   +++          (no ring)
HPRegen 1.28/turn    (no ring)
MPRegen 0.12/turn

%: acrobat
@: lethally poisoned (-5 -> -6), strong-willed, on berserk cooldown,
regenerating, slowed, very slow
A: very small, claws 1, fangs 3, see invisible, shaggy fur 2, stealthy paws, no
weapons or thrown items, no armour, multi-lived
a: Renounce Religion, Berserk, Trog's Hand


You were on level 7 of the Dungeon.
You worshipped Trog.
Trog was pleased with you.
You visited 1 branch of the dungeon, and saw 7 of its levels.

Inventory:

Jewellery
 l - an amulet of the acrobat (around neck)
Wands
 r - a wand of iceblast (8)
Scrolls
 a - a scroll of fog
 b - a scroll of silence {unknown}
 c - a scroll of amnesia {unknown}
 e - a scroll of torment {unknown}
 f - a scroll of enchant weapon
 h - a scroll of noise {unknown}
 i - a scroll of enchant armour {unknown}
 j - a scroll of blinking {unknown}
 k - 3 scrolls of poison
 n - 2 scrolls of teleportation
 q - a scroll of brand weapon {unknown}
Potions
 d - a potion of haste
 g - a potion of attraction
 m - a potion of mutation
 p - a potion of degeneration {unknown}
 t - a potion of might {unknown}


   Skills:
 + Level 6.8 Fighting
 + Level 8.9 Dodging
 - Level 6.0 Stealth
 * Level 9.2 Unarmed Combat


You had 8 spell levels left.
You didn't know any spells.
Your spell library was empty.

Dungeon Overview and Level Annotations

Branches:
Dungeon (7/15)             Temple (0/1) D:4

Altars:
Fedhas
Makhleb
Wu Jian

Shops:
D:5 [

Annotations:
D:3 1 transporter
D:5 exclusion: ogre
D:7 3 runed translucent doors, CapUranus's ghost, novice GrRe; Maurice


Innate Abilities, Weirdness & Mutations

You have sharp claws.
You have razor-sharp teeth.
You have supernaturally acute eyesight. (SInv)
You are covered in thick fur. (AC +2)
Your paws help you pounce on unaware monsters.
You are incapable of wielding weapons or throwing items.
You cannot wear armour.
You gain extra lives every three experience levels.


Message History

You hear a bark!
You feel your anger nearly subside.
You are no longer berserk.
You are exhausted.
You feel yourself slow down.
Maurice hits you with a +3 short sword of venom.
Maurice steals 8 gold pieces!
You now have 0 gold pieces.
Maurice misses you.
Maurice looks sneaky.
Maurice completely misses you. x2
You barely miss Maurice.
Maurice is heavily wounded.
Maurice completely misses you. Maurice bites you.
You feel your power leaking away. Maurice drains your magic.
You closely miss Maurice. You claw Maurice. Your bite misses Maurice.
Maurice is heavily wounded.
Maurice hits you with a +3 short sword of venom!
Maurice groans, "What are you, a monk?"
You are poisoned.
Maurice bites you.
You feel your power leaking away. Maurice drains your magic.
Your skin crawls.
You feel strong-willed.
You feel extremely sick.
Maurice hits you with a +3 short sword of venom.
* * * LOW HITPOINT WARNING * * *
Maurice groans, "What are you, a monk?" Maurice barely misses you.
Maurice gestures wildly while chanting.
Maurice flickers and vanishes for a moment.
You completely miss Maurice.
Maurice is heavily wounded.
You feel very sick.
An ice beast comes into view.
Maurice barely misses you. x2
You closely miss Maurice.
Maurice is heavily wounded.
You feel very sick.
Maurice hits you with a +3 short sword of venom!
You die...

.# ## ####### Y#
.#..#.#$.#.....#
.#
###..$).######.#
.# .......#.# #.#
$# ##.....##.#
#.##.#
.#..Z.ZZ.#.#
#.#f.#
.###+++###.# #.#@#
.##.....##.# #.#.#
.........#.###.#.#
.#.##..#.......#.#
.#.###.###.#####.#
.#.# #...........#
...####.##.#######
...........#
...#########


You could see Maurice (invisible) and an ice beast.

Vanquished Creatures
  A two-headed ogre (D:7)
  Grinder (D:4)
  A water moccasin (D:6)
  An ice beast (D:5)
  2 orc warriors (D:7)
  A phantom (D:7)
  2 gnoll sergeants (D:7)
  6 scorpions
  A bombardier beetle (D:7)
  2 hounds (D:6)
  An orc priest (D:3)
  5 jellies
  2 iguanas (D:4)
  8 orc wizards
  27 gnolls
  4 adders
  3 shadow imps
  2 ufetubi (D:6)
  2 ribbon worms
  3 dart slugs
  19 orcs
  6 endoplasms
  A giant cockroach (D:3)
  37 goblins
  28 hobgoblins
  4 kobolds
  3 quokkas
  7 ball pythons
  A bat (D:2)
  4 frilled lizards
  3 rats
188 creatures vanquished.

Notes
Turn   | Place    | Note
-------+----------+-------------------------------------------
     0 | D:1      | MacCMillion the Felid Berserker began the quest for the
                  | Orb.
     0 | D:1      | Reached XP level 1. HP: 12/12 MP: 2/2
   445 | D:1      | Reached XP level 2. HP: 16/16 MP: 3/3
   474 | D:1      | Reached skill level 1 in Stealth
   620 | D:1      | Found a faded altar of an unknown god.
  1215 | D:2      | Reached XP level 3. HP: 20/20 MP: 4/4
  1493 | D:2      | Found an ornate altar of the Wu Jian Council.
  1748 | D:3      | Found a transporter.
  2361 | D:3      | Reached XP level 4. HP: 24/24 MP: 5/5
  2361 | D:3      | Gained a life (2 lives remaining)
  2385 | D:3      | Reached skill level 4 in Unarmed Combat
  2701 | D:4      | Found a staircase to the Ecumenical Temple.
  2704 | D:4      | Noticed a scorpion
  2723 | D:4      | Killed a scorpion
  2724 | D:4      | Reached skill level 5 in Dodging
  2724 | D:4      | Reached XP level 5. HP: 29/29 MP: 6/6
  2984 | D:4      | Succumbed to a scorpion's poison
  2984 | D:4      | Lost a life (1 life remaining)
  2990 | D:4      | Noticed Grinder
  3000 | D:4      | Killed Grinder
  3001 | D:4      | Reached skill level 5 in Unarmed Combat
  3001 | D:4      | Gained mutation: You are covered in thick fur. (AC +2)
                  | [Felid growth]
  3001 | D:4      | Reached XP level 6. HP: 33/33 MP: 7/7
  3510 | D:4      | Reached XP level 7. HP: 31/38 MP: 8/8
  3510 | D:4      | Gained a life (2 lives remaining)
  4634 | D:4      | Reached ** piety under Trog
  4963 | D:4      | Reached skill level 6 in Unarmed Combat
  5255 | D:4      | Slain by a gnoll
  5255 | D:4      | Lost a life (1 life remaining)
  6050 | D:4      | Found a staircase to the Ecumenical Temple.
  6659 | D:5      | Entered Level 5 of the Dungeon
  7061 | D:5      | Reached skill level 5 in Fighting
  7477 | D:5      | Found Asavigru's Antique Armour Shop.
  7664 | D:5      | Reached skill level 5 in Stealth
  7664 | D:5      | Reached XP level 8. HP: 43/43 MP: 9/9
  7714 | D:5      | Found a blossoming altar of Fedhas.
  8405 | D:6      | Reached skill level 7 in Unarmed Combat
  9234 | D:6      | HP: 1/44 [poisoned by a scorpion]
 10055 | D:7      | Found a burning altar of Makhleb.
 10055 | D:7      | Noticed a green death
 10743 | D:7      | Reached skill level 8 in Unarmed Combat
 10768 | D:7      | Noticed a two-headed ogre
 10777 | D:7      | Slain by a two-headed ogre
 10777 | D:7      | Lost a life (0 lives remaining)
 10778 | D:7      | Found an ornate altar of the Wu Jian Council.
 11041 | D:7      | Reached XP level 9. HP: 48/48 MP: 10/10
 11766 | D:7      | Killed a two-headed ogre
 11767 | D:7      | Reached skill level 9 in Unarmed Combat
 11787 | D:7      | HP: 2/49 [poisoned by a gnoll]
 12094 | D:7      | Found a runed translucent gate.
 12096 | D:7      | Found a runed translucent gate.
 12097 | D:7      | Found a runed translucent gate.
 12097 | D:7      | Noticed a spectral unseen horror
 12098 | D:7      | Noticed CapUranus's ghost (novice GrRe)
 12138 | D:7      | Noticed Maurice
 12140 | D:7      | Maurice stole a blade talisman
 12144 | D:7      | Maurice stole 405 gold
 12150 | D:7      | Maurice stole 8 gold
 12155 | D:7      | Slain by Maurice

Illustrated notes

Levels and vault maps discovered:
D:1:      minmay_arrival_widening_spiral_wide, layout_basic,
          shapermc_ecumenical_altar_mp_highgroup, grunt_decor_cap
D:2:      layout_basic, basic_altar
D:3:      layout_loops_cross, nicolae_ru_the_path_less_chosen,
          gammafunk_ghost_abyssal_escape
D:4:      minmay_goblin_kobold_castle, layout_layer_cave,
          minmay_temple_entry_junction_2, uniq_grinder
D:5:      layout_basic, fedhas_altar_fruit_tree, serial_shops, shop
D:6:      wander_river, layout_loops_corners
D:7:      layout_loops_ring, makhleb_altar_promises_db,
          nicolae_wu_jian_immortal_techniques, gammafunk_ghost_necromancy,
          uniq_maurice

Skill      XL: |  1  2  3  4  5  6  7  8  9 |
---------------+----------------------------+-----
Stealth        | 1 2 4 5 6 |  6.0
Unarmed Combat | 4 5 6 8 9 |  9.2
Dodging        | 5 6 8 |  8.9
Fighting       | 4 5 6 |  6.8

Action                     |  1- 3 |  4- 6 |  7- 9 || total
---------------------------+-------+-------+-------++-------
  Melee: Unarmed           |   110 |    62 |   392 ||   564
         Bite              |     8 |     6 |    34 ||    48
         Punch             |     3 |     2 |    21 ||    26
 Invoke: Berserk           |       |     4 |    11 ||    15
         Trog's Hand       |       |       |     3 ||     3
    Use: Scroll            |     1 |       |     8 ||     9
         Potion            |       |     2 |     4 ||     6
   Stab: Sleeping          |     8 |     2 |    11 ||    21
         Distracted        |       |       |     1 ||     1
 Armour: Skin              |    18 |    27 |   109 ||   154
  Dodge: Dodged            |    67 |    43 |   325 ||   435
         Form:             |       |       |     1 ||     1
         Blade             |       |       |     1 ||     1
